 Dungeon Crawl Stone Soup version 0.18-a0-1788-g92de1ac (webtiles) character file.

70 Mefis the Magician (level 4, 0/31 HPs)
             Began as a Human Wizard on Apr 20, 2016.
             Slain by Shotgun's ghost (11 damage)
             ... on level 3 of the Dungeon.
             The game lasted 00:14:38 (2329 turns).

Mefis the Magician (Human Wizard)                   Turns: 2329, Time: 00:14:38

Health: 0/31       AC:  2    Str:  8    XL:     4   Next: 44%
Magic:  2/9        EV: 12    Int: 19    God:
Gold:   143        SH:  0    Dex: 11    Spells: 4 memorised, 3 levels left

rFire  + . .     SeeInvis .     r - +2 dagger (holy)
rCold  . . .     Gourm    .     a - +0 robe
rNeg   . . .     Faith    .     (no shield)
rPois  .         Spirit   .     b - +0 hat
rElec  .         Dismiss  .     (no cloak)
rCorr  .         Reflect  .     (no gloves)
SustAt .         Harm     .     (no boots)
MR     .....                    (no amulet)
Stlth  ++........               (no ring)
                                y - ring of protection from fire

@: lethally poisoned (0 -> -6), not resistant to hostile enchantments,
unstealthy
A: no striking features
a: no special abilities


You were on level 3 of the Dungeon.
You were not hungry.

You visited 1 branch of the dungeon, and saw 3 of its levels.

You collected 143 gold pieces.

Inventory:

Hand Weapons
 i - a +0 club
 r - a +2 dagger of holy wrath (weapon)
Missiles
 f - 43 stones (quivered)
 j - 11 bolts
Armour
 a - a +0 robe (worn)
 b - a +0 hat (worn)
Jewellery
 y - a ring of protection from fire (left hand)
Scrolls
 e - a scroll of blinking {unknown}
 g - 2 scrolls of remove curse
 n - 2 scrolls of identify {unknown}
 o - 3 scrolls of fear {unknown}
 s - a scroll of random uselessness {unknown}
 t - a scroll of amnesia {unknown}
 x - a scroll of enchant weapon {unknown}
Potions
 h - a potion of curing
 l - 2 potions of cancellation {unknown}
 m - 2 potions of heal wounds
 p - a potion of brilliance {unknown}
 q - 2 potions of agility {unknown}
 v - a potion of resistance {unknown}
 w - a potion of mutation {unknown}
 z - a potion of ambrosia {unknown}
Books
 c - a book of Minor Magic

   Spells                             Type                      Level
   a - Magic Dart                     Conjuration                  1
   b - Blink                          Translocation                2
   c - Call Imp                       Summoning                    2
   d - Repel Missiles                 Charms/Air                   2
   e - Slow                           Hexes                        2
   f - Conjure Flame                  Conjuration/Fire             3
   g - Mephitic Cloud                 Conjuration/Poison/Air       3
Comestibles
 d - a bread ration
 k - a meat ration
 u - a slice of pizza


   Skills:
 + Level 0.4 Fighting
 + Level 0.2 Maces & Flails
 + Level 3.0 Dodging
 + Level 2.4 Stealth
 + Level 3.7 Spellcasting
 + Level 1.0 Conjurations
 + Level 1.1 Summonings
 + Level 1.0 Translocations


You had 3 spell levels left.
You knew the following spells:

 Your Spells              Type           Power        Failure   Level  Hunger
a - Magic Dart            Conj           #...         12%         1    None
b - Call Imp              Summ           #.......     14%         2    ##.....
c - Blink                 Tloc           N/A          17%         2    ##.....
d - Repel Missiles        Chrm/Air       #.....       24%         2    ##.....


Dungeon Overview and Level Annotations

Branches:
Dungeon (3/15)

Altars:
Trog

Annotations:
D:3 Shotgun's ghost, amateur DrTm


Message History

Aim: a bat (severely wounded)
You throw a stone.
The stone hits the bat but does no damage.
The bat is severely wounded.
Your white imp dies!
Your crimson imp disappears in a puff of smoke!
The bat barely misses you. The bat closely misses you.
A giant newt comes into view.
Casting: Call Imp
Confirm with . or Enter, or press ? or * to list all spells.
A metallic apparition takes form in the air.
There is an open door here.
Your iron imp closely misses the bat.
Shotgun's ghost hits you.
You are poisoned.
You feel sick.
You feel sick.
You feel sick. The bat barely misses you. The bat hits you.
Shotgun's ghost hits you!
You die...

### ########...
########......[... #.
...>...@b......... ..
###..###W......... ..
#..#.........### ..
#..#.#.#'##### .♣
####..#.#5#K# .♣
#.....#.#l#.###########.♣
#...)..........§.......
#.#.#####(###########..
#.......#....# ##


You could see Shotgun's ghost, a bat, a kobold, a giant newt and a friendly iron
imp.

Vanquished Creatures
  An adder (D:2)
  An ooze (D:2)
  A dart slug (D:1)
  6 giant geckos
  A giant cockroach (D:2)
  3 goblins
  2 hobgoblins
  A quokka (D:2)
  A ball python (D:1)
  5 bats
  A giant newt (D:3)
  5 kobolds
  3 rats
31 creatures vanquished.

Vanquished Creatures (collateral kills)
  An adder (D:2)
  2 worms
  A giant gecko (D:3)
  An orc (D:2)
  A hobgoblin (D:3)
  A quokka (D:2)
  A rat (D:3)
8 creatures vanquished.

Grand Total: 39 creatures vanquished

Notes
Turn   | Place    | Note
--------------------------------------------------------------
     0 | D:1      | Mefis the Human Wizard began the quest for the Orb.
     0 | D:1      | Reached XP level 1. HP: 13/13 MP: 4/4
   508 | D:1      | Reached XP level 2. HP: 19/19 MP: 1/6
   512 | D:1      | Learned a level 2 spell: Call Imp
   515 | D:1      | Learned a level 2 spell: Blink
   518 | D:1      | Learned a level 2 spell: Repel Missiles
  1060 | D:2      | Reached XP level 3. HP: 3/25 MP: 6/8
  1897 | D:2      | Reached XP level 4. HP: 25/31 MP: 4/9
  1987 | D:2      | Found a bloodstained altar of Trog.
  2292 | D:3      | Noticed Shotgun's ghost (amateur DrTm)
  2329 | D:3      | Slain by Shotgun's ghost

Vault maps used:
D:1:      lemuel_arrival_cross, minivault_5
D:2:      trog_butcher_becter
D:3:      nicolae_overflow_quartered_altars, minmay_stone_trees_small

Skill      XL: |  1  2  3  4 |
---------------+-------------+-----
Dodging        | 3 |  3.0
Fighting       | |  0.4
Maces & Flails | |  0.2
Stealth        | |  2.4
Spellcasting   | |  3.7
Conjurations   | |  1.0
Summonings     | |  1.1
Translocations | |  1.0

Action                   |  1- 3 |  4- 6 || total
-------------------------+-------+-------++-------
Melee: Club              |    28 |       ||    28
       Dagger            |    25 |    34 ||    59
Throw: Stone             |       |     3 ||     3
 Cast: Magic Dart        |    50 |     5 ||    55
       Repel Missiles    |     1 |       ||     1
       Call Imp          |     2 |    12 ||    14
  Use: Potion            |     1 |     1 ||     2
       Scroll            |     1 |       ||     1
 Stab: Sleeping          |     2 |       ||     2
  Eat: Chunk             |     3 |     2 ||     5
Armor: Robe              |    11 |     3 ||    14
Dodge: Dodged            |    55 |    30 ||    85
       Deflected         |     3 |       ||     3
